AoeStats
← klaude

Four Lakes

510212063Analyzed
1v1 RM · 4d ago on Sep 30, 2026· 42m 33s· 2 players
Game mode
Random Map
Map size
Tiny (2 player)
Population
200
Speed
Normal
Resources
Standard
Victory
Conquest
Starting age
Dark Age
Ending age
Imperial Age
RankedLock teamsTeams togetherTeam positionsShared explorationLock speedFull tech treeHidden civsTurbo modeCheats
Victory
Defeat
🇦🇷 Khmer · Argentina
934
+17
🇲🇽 Franks · Mexico
961
-43
PAPIMAFIA
12:26 Feudal Age
12:00 Loom
15:13 Bloodlines
22:35 Castle Age
25:15 Forging
25:11 Scale Barding Armor
25:06 Scale Mail Armor
25:30 Husbandry
24:53 Light Cavalry
27:25 Pikeman
27:51 Arson
28:25 Double-Bit Axe
28:43 Horse Collar
28:57 Double-Bit Axe
35:46 Gold Mining
40:32 Imperial Age
38:39 Wheelbarrow
37:49 Town Watch
klaude
6:59 Loom
9:42 Feudal Age
10:09 Double-Bit Axe
22:28 Castle Age
21:47 Forging
21:42 Scale Barding Armor
23:41 Pikeman
27:24 Iron Casting
28:07 Stone Mining
28:08 Gold Mining
30:49 Bow Saw
30:52 Elite Skirmisher
34:15 Wheelbarrow
35:16 Hand Cart
38:30 Imperial Age
37:43 Gold Shaft Mining
38:00 Ballistics
39:00 Chain Barding Armor
38:32 Cavalier
39:57 Town Watch
39:45 Elite Throwing Axeman
Connection lost

Rejoining the realm…

Still unreachable

The connection could not be restored.

Session expired

The server has moved on; the page needs a fresh start.